AoeStats
← Eugenius

Black Forest

509077499Analyzed
4v4 RM · 8d ago on Sep 25, 2026· 44m 12s· 8 players
Game mode
Random Map
Map size
Large (8 player)
Population
200
Speed
Normal
Resources
Standard
Victory
Conquest
Starting age
Dark Age
Ending age
Imperial Age
RankedLock teamsTeams togetherTeam positionsShared explorationLock speedFull tech treeHidden civsTurbo modeCheats
Victory
Defeat
🇷🇺 Bulgarians · Russia
1912
+8
🇦🇷 Bohemians · Argentina
1803
+11
🇺🇦 Portuguese · Ukraine
1784
+12
🇬🇧 Vietnamese · United Kingdom
1752
+14
🇨🇳 Saracens · China
1859
-16
🇨🇳 Tupi · China
1817
-15
🇨🇳 Chinese · China
1629
-9
🇯🇵 Burmese · Japan
1487
-5
Fish
0:49 Loom
10:36 Feudal Age
11:05 Double-Bit Axe
15:39 Fletching
18:37 Padded Archer Armor
23:46 Castle Age
22:44 Horse Collar
23:11 Town Watch
24:38 Bow Saw
23:53 Crossbowman
24:28 Bodkin Arrow
28:31 Wheelbarrow
34:02 Imperial Age
32:29 Hand Cart
33:52 Masonry
35:46 Chemistry
35:17 Conscription
35:10 Scale Mail Armor
36:29 Two-Man Saw
35:19 Pikeman
35:59 Squires
36:16 Chain Mail Armor
35:44 Halberdier
37:34 Plate Mail Armor
36:29 Houfnice
37:54 Forging
38:07 Wagenburg Tactics
38:08 Hussite Reforms
38:48 Ballistics
38:39 Arson
39:30 Iron Casting
42:39 Bombard Tower
43:53 Architecture
45:22 Blast Furnace
44:30 Siege Engineers
44:21 Murder Holes
lxnmnk Trade | B | S
10:48 Feudal Age
11:49 Double-Bit Axe
11:45 Horse Collar
14:51 Castle Age
15:49 Bow Saw
19:23 Wheelbarrow
18:34 Loom
18:35 Town Watch
22:17 Hand Cart
25:25 Gold Mining
25:43 Loom
25:58 Town Patrol
26:13 Stone Mining
29:04 Imperial Age
29:12 Imperial Age
29:32 Fletching
29:48 Heavy Plow
31:09 Chemistry
30:29 Ballistics
31:26 Stone Shaft Mining
31:53 Two-Man Saw
32:14 Town Patrol
35:55 Coinage
35:48 Arquebus
36:09 Conscription
36:42 Banking
37:58 Bodkin Arrow
38:31 Siege Engineers
38:47 Caravan
39:15 Bracer
40:03 Elite Organ Gun
42:32 Padded Archer Armor
Eugenius
1:17 Loom
10:48 Feudal Age
15:37 Castle Age
13:45 Double-Bit Axe
14:06 Horse Collar
16:42 Bow Saw
23:41 Wheelbarrow
24:46 Gold Mining
28:22 Imperial Age
26:37 Stone Mining
27:27 Hand Cart
29:39 Fletching
29:57 Onager
31:03 Conscription
30:33 Onager
31:25 Heavy Plow
32:06 Scale Barding Armor
32:11 Forging
31:34 Siege Onager
32:46 Chain Barding Armor
33:32 Stirrups
33:21 Heavy Scorpion
35:04 Plate Barding Armor
35:05 Iron Casting
33:51 Light Cavalry
34:41 Bloodlines
34:32 Husbandry
34:34 Caravan
37:26 Blast Furnace
35:48 Hussar
37:28 Crop Rotation
38:23 Gold Shaft Mining
38:25 Stone Shaft Mining
39:02 Capped Ram
41:19 Siege Ram
44:53 Chemistry
44:12 Siege Engineers
44:19 Masonry
Torpedo
11:30 Feudal Age
12:20 Double-Bit Axe
12:26 Gold Mining
12:49 Horse Collar
15:12 Castle Age
16:22 Bow Saw
16:13 Heavy Plow
17:22 Wheelbarrow
19:32 Loom
26:37 Imperial Age
24:03 Stone Mining
25:26 Hand Cart
25:03 Town Watch
25:26 Pikeman
26:06 Squires
26:07 Scale Mail Armor
26:18 Forging
27:21 Stone Shaft Mining
27:31 Chain Mail Armor
27:52 Iron Casting
28:22 Chemistry
28:24 Plate Mail Armor
27:19 Halberdier
30:00 Siege Engineers
29:50 Fletching
30:43 Chatras
31:09 Paper Money
31:34 Bodkin Arrow
31:50 Masonry
32:31 Bracer
33:39 Guilds
34:29 Two-Man Saw
34:29 Treadmill Crane
34:43 Heated Shot
35:13 Ballistics
37:50 Hoardings
37:17 Caravan
37:18 Chatras
38:10 Scale Barding Armor
38:16 Bloodlines
38:43 Crop Rotation
37:35 Elite Battle Elephant
38:15 Husbandry
39:44 Chain Barding Armor
40:31 Plate Barding Armor
40:48 Hoardings
RTMaxwell
10:33 Feudal Age
11:05 Double-Bit Axe
14:12 Castle Age
12:16 Horse Collar
15:49 Bow Saw
20:08 Heavy Plow
20:23 Loom
22:47 Wheelbarrow
24:23 Hand Cart
26:01 Town Watch
26:42 Scale Barding Armor
29:18 Imperial Age
27:56 Chain Barding Armor
28:02 Forging
28:22 Gold Mining
28:23 Stone Mining
28:59 Bimaristan
29:58 Gold Shaft Mining
29:46 Bloodlines
29:37 Husbandry
29:33 Onager
31:34 Chemistry
31:42 Plate Barding Armor
32:02 Iron Casting
32:22 Conscription
33:42 Siege Engineers
35:07 Blast Furnace
34:54 Siege Onager
35:48 Light Cavalry
37:02 Counterweights
36:13 Elite Mameluke
37:18 Caravan
42:32 Heavy Camel Rider
43:05 Fletching
爱犹sama
10:52 Feudal Age
15:07 Castle Age
12:48 Horse Collar
16:08 Heavy Plow
17:21 Loom
27:04 Wheelbarrow
31:34 Imperial Age
30:37 Hand Cart
30:57 Forging
30:52 Scale Barding Armor
31:00 Gold Mining
31:01 Stone Mining
31:39 Bloodlines
31:29 Husbandry
33:01 Iron Casting
33:04 Crop Rotation
33:40 Chemistry
33:20 Chain Barding Armor
33:49 Conscription
34:49 Blast Furnace
35:48 Plate Barding Armor
34:58 Elite Battle Elephant
36:32 Padded Archer Armor
36:42 Howdah
38:56 Siege Engineers
41:49 Caravan
42:18 Fletching
爱种田的太奶
0:35 Loom
9:49 Feudal Age
10:29 Double-Bit Axe
12:08 Fletching
20:50 Castle Age
20:07 Horse Collar
24:14 Bow Saw
38:33 Imperial Age
36:43 Wheelbarrow
36:22 Caravan
36:44 Gold Mining
37:01 Heavy Plow
37:05 Bodkin Arrow
37:34 Ballistics
38:40 Padded Archer Armor
38:58 Hand Cart
38:29 Town Watch
39:19 Bracer
39:40 Leather Archer Armor
41:35 Chemistry
43:56 Ring Archer Armor
猪咪
0:26 Loom
10:14 Feudal Age
10:57 Double-Bit Axe
13:53 Castle Age
11:58 Horse Collar
15:16 Bow Saw
22:04 Wheelbarrow
23:16 Hand Cart
23:22 Gold Mining
27:06 Imperial Age
24:31 Fletching
25:49 Gold Shaft Mining
25:15 Bodkin Arrow
26:44 Padded Archer Armor
27:14 Ballistics
26:51 Stone Mining
27:11 Heavy Rocket Cart
27:58 Bracer
29:05 Chemistry
28:28 Conscription
28:11 Town Watch
29:48 Elite Chu Ko Nu
30:06 Elite Chu Ko Nu
31:26 Leather Archer Armor
31:33 Rocketry
33:00 Masonry
33:38 Ring Archer Armor
34:00 Thumb Ring
33:47 Elite Fire Lancer
34:28 Squires
34:29 Scale Mail Armor
34:39 Forging
35:56 Chain Mail Armor
37:02 Architecture
37:24 Iron Casting
37:06 Caravan
38:01 Scale Barding Armor
39:19 Blast Furnace
38:11 Light Cavalry
39:01 Bloodlines
38:52 Husbandry
38:12 Cavalier
39:54 Chain Barding Armor
42:30 Plate Barding Armor
Connection lost

Rejoining the realm…

Still unreachable

The connection could not be restored.

Session expired

The server has moved on; the page needs a fresh start.